 Dungeon Sprint DCSS version 0.16-a0-3661-g910cf96 (webtiles) character file.

8101 BluebellGnoll the Talismancer (level 12, 100/100 HPs)
             Began as a Deep Dwarf Berserker on Jan 16, 2015.
             Was the Champion of Trog.
             Quit the game in the Dungeon (Sprint VI: "Thunderdome") on Jan 17, 2015.
             The game lasted 00:40:07 (1857 turns).

BluebellGnoll the Talismancer (DDBe)                Turns: 1857, Time: 00:40:07

Health: 100/100    AC: 17    Str: 29      XL:     12   Next: 23%
Magic:  22/22      EV: 13    Int:  0 (3)  God:    Trog [******]
Gold:   421        SH: 16    Dex: 23      Spells: 0 memorised, 11 levels left

rFire  + + +     SeeInvis +     E - +1 war axe "Jellybane" {freeze, rPois- Str+2 Stlth+}
rCold  + + +     Clarity  .     b - +0 gold dragon armour
rNeg   . . .     SustAb   .     r - +4 shield of Fortification {Int-4 Dex+4 SInv}
rPois  +         Gourm    .     (no helmet)
rElec  +         Spirit   .     (no cloak)
rCorr  +         Warding  .     (no gloves)
rMut   .         NoTele   +     B - +0 pair of boots of Dishonesty {rPois+ MP+9 Dex+2}
MR     ++...                    a - amulet of the Iron Devil {rCorr +Blink rElec}
Stlth  ..........               q - ring "Pomeckapp" {+Blink rC+ Str+3}
                                D - ring "Hywuexya" {rF++ rC++ MR+ Dex+4 Slay+1}

@: non-regenerating, lost intelligence, very slow, very resistant to hostile
enchantments, extremely unstealthy
A: damage resistance, recharge devices, dopey 1, frail 1, sense surroundings 2,
slow healing 3
a: Device Recharging, Burn Spellbooks, Berserk, Trog's Hand, Brothers in Arms,
Renounce Religion, Evoke Blink
}: 2/15 runes: serpentine, barnacled


You were in the Dungeon.
You worshipped Trog.
Trog was exalted by your worship.
You were not hungry.

You visited 1 branch You collected 4130 gold pieces.
You spent 3709 gold pieces at shops.

Inventory:

Hand weapons
 o - a +0 broad axe of venom
 p - a +1 war axe of chopping
 y - a +2 antimagic war axe
 E - the +1 war axe "Jellybane" (weapon) {freeze, rPois- Str+2 Stlth+}
   (Trog gifted it to you in the Dungeon)

   It has been specially enchanted to freeze those struck by it, causing extra
   injury to most foes and up to half again as much damage against particularly
   susceptible opponents.
   It can also slow down cold-blooded creatures.
   It affects your strength (+2).
   It protects you from poison.
   It makes you more stealthy.
Missiles
 u - 8 stones (quivered)
 F - 4 silver tomahawks
Armour
 b - a +0 gold dragon armour (worn)
 r - the +4 shield of Fortification (worn) {Int-4 Dex+4 SInv}
   (You bought it in a shop in the Dungeon)

   It affects your intelligence (-4).
   It affects your dexterity (+4).
   It enhances your eyesight.
 t - the +1 leather armour of Ghiloec {+Rage rElec Str+2 Dex-2}
   (You bought it in a shop in the Dungeon)

   It affects your strength (+2).
   It affects your dexterity (-2).
   It insulates you from electricity.
   It lets you go berserk.
 z - a +1 buckler of protection
 B - the +0 pair of boots of Dishonesty (worn) {rPois+ MP+9 Dex+2}
   (You bought it in a shop in the Dungeon)

   It affects your dexterity (+2).
   It protects you from poison.
   It affects your magic capacity (+9).
Jewellery
 a - the amulet of the Iron Devil (around neck) {rCorr +Blink rElec}
   (You bought it in a shop in the Dungeon)

   [amulet of resist corrosion]

   It protects you from acid and corrosion.
   It insulates you from electricity.
   It lets you blink.
 q - the ring "Pomeckapp" (right hand) {+Blink rC+ Str+3}
   (You bought it in a shop in the Dungeon)

   [ring of protection from cold]

   It affects your strength (+3).
   It protects you from cold.
   It lets you blink.
 D - the ring "Hywuexya" (left hand) {rF++ rC++ MR+ Dex+4 Slay+1}
   (You bought it in a shop in the Dungeon)

   [ring of slaying]

   It affects your dexterity (+4).
   It affects your accuracy and damage with ranged weapons and melee attacks
   (+1).
   It greatly protects you from fire.
   It greatly protects you from cold.
   It affects your resistance to hostile enchantments.
Magical devices
 c - a wand of heal wounds (5)
 k - a wand of cold (0)
 l - a wand of fire (11)
 s - a wand of fireball (5)
Scrolls
 j - 4 scrolls of blinking
 m - 3 scrolls of fog
 v - 4 scrolls of identify
 x - 14 scrolls of remove curse
Potions
 e - 5 potions of curing
 f - 5 potions of heal wounds
 g - 3 potions of haste
 h - 2 potions of magic
 i - a potion of berserk rage
 n - a potion of resistance
 A - a potion of experience
Comestibles
 d - a bread ration
 w - 2 royal jellies
 H - 4 chunks of flesh


   Skills:
 - Level 8.9 Fighting
 - Level 14.2 Axes
 - Level 6.2 Throwing
 + Level 6.8 Armour
 - Level 13.7 Dodging
 - Level 4.7 Shields
 O Level 27 Evocations


You had 11 spell levels left.
You didn't know any spells.

Dungeon Overview and Level Annotations

Branches:
Dungeon (1/1)

Altars:
Cheibriados
Dithmenos
Elyvilon
Fedhas
Gozag
Kikubaaqudgha
Makhleb
Nemelex Xobeh
Okawaru
Qazlal
Ru
Sif Muna
Trog
Vehumet
Xom
Yredelemnul
Zin
The Shining One
Jiyva
Lugonu

Shops:
D *[%??*?*:[((!!!!


Innate Abilities, Weirdness & Mutations

You are resistant to damage.
You can recharge devices by infusing magical energy.
You passively map the area around you.
You do not heal naturally.
You are dopey. (Int -2)
You are frail (-10% HP).


Message History

20... 15...
Things that are here:
a stone; a club 10...
You see here 2 stones. 5... 4... 3... 2... 1...
A neqoxec comes into view.
Time's up!
The arena falls silent.
You lost your score multiplier.
You now have 8101 arena points (gained 143).
You now have 421 gold pieces (gained 130).
Unknown command.
Unknown command.
Drink which item? (? for menu, Esc to quit)
Okay, then.
Are you sure you want to abandon this character and quit the game? (Confirm with "yes".)

##⌠⌠⌠## #.....# ##.....##
##∩.....∩## #∩.......∩#
#_......._# #_......._#
#_......._# ###....@....###
#⌠...........⌠#
######.8.........8.######
##∩___..(...###.....§___∩##
###∩........8.# #.8........∩###
##......((..(..###.............##
#⌠..........###...###..[.......⌠#
#)..........# #.<.# #.......[..⌠#
#⌠..........###...###..........⌠#


There were no monsters in sight!

Vanquished Creatures
  Ilsuiw (D)
  A mummy priest (D)
  3 hydras (D)
  2 sun demons (D)
  A hell hog (D)
  A fire crab (D)
  Aizul (D)
  3 swamp dragons (D)
  2 hornets (D)
  2 orb spiders (D)
  2 wolf spiders (D)
  A spiny frog (D)
  A fire drake (D)
  2 efreet (D)
  2 guardian mummies (D)
  2 jumping spiders (D)
  A trapdoor spider (D)
  A slime creature (D)
  A wraith (D)
  10 neqoxecs (D)
  5 water elementals (D)
  2 shadows (D)
  8 hungry ghosts (D)
  A mottled dragon (D)
  A hell hound (D)
  A necrophage (D)
  2 swamp drakes (D)
  3 wights (D)
  An iron imp (D)
  A jelly (D)
  6 giant spores (D)
  5 mummies (D)
  A spectral adder (D)
  An adder skeleton (D)
  4 oozes (D)
  3 spectral bats (D)
  A bat skeleton (D)
  A giant cockroach zombie (D)
  7 kobolds (D)
  10 ballistomycetes (D)
104 creatures vanquished.

Vanquished Creatures (others)
  A giant spore (D)
1 creature vanquished.

Grand Total: 105 creatures vanquished

Notes
Turn   | Place    | Note
--------------------------------------------------------------
     0 | D        | BluebellGnoll, the Deep Dwarf Berserker, began the quest for the Orb.
     0 | D        | Reached XP level 1. HP: 20/20 MP: 1/1
     1 | D        | Found a basalt altar of Yredelemnul.
     2 | D        | Found a corrupted altar of Lugonu.
     3 | D        | Found a snail-covered altar of Cheibriados.
     4 | D        | Found Elenibluru's Do-It-Yourself Clinic.
     4 | D        | Found a shimmering altar of Xom.
     4 | D        | Found Yjutuilo's Weapon Rack.
     4 | D        | Found Mutwafu's Basic Armour.
     5 | D        | Round 1.
     8 | D        | Found a radiant altar of Vehumet.
     8 | D        | Found Smuzingo's Miscellaneous Merchandise.
     9 | D        | Found an ancient bone altar of Kikubaaqudgha.
    10 | D        | Found Gettina's Premium Goods.
    12 | D        | Bought a +0 broad axe for 120 gold pieces
    24 | D        | Found a sparkling altar of Nemelex Xobeh.
    27 | D        | Found a bloodstained altar of Trog.
    27 | D        | Found Cufu Lem's Identification Station.
    28 | D        | Found Shreuk's Advanced Armour.
    29 | D        | Found an opulent altar of Gozag.
    29 | D        | Found a burning altar of Makhleb.
    30 | D        | Found Jizuijyu's Jewellery.
    30 | D        | Found a glowing silver altar of Zin.
    30 | D        | Found Lagay's Bee Food.
    33 | D        | Found a shadowy altar of Dithmenos.
    34 | D        | Found a glowing golden altar of the Shining One.
    35 | D        | Found a stormy altar of Qazlal.
    35 | D        | Found Zian's Magic Scroll Shop.
    36 | D        | Found Bredos' Magic Scroll Shop.
    37 | D        | Found an iron altar of Okawaru.
    37 | D        | Found a white marble altar of Elyvilon.
    38 | D        | Found a sacrificial altar of Ru.
    38 | D        | Found Isiac's Staff Store.
    38 | D        | Found Kisho's Must-Have Magic.
    41 | D        | Found a deep blue altar of Sif Muna.
    42 | D        | Found a viscous altar of Jiyva.
    43 | D        | Found a blossoming altar of Fedhas.
    43 | D        | Found Kakh's Distillery.
    44 | D        | Found Twasu's Distillery.
    46 | D        | Found Ririfial's Bottled Wisdom.
    61 | D        | Reached skill level 4 in Evocations
    94 | D        | Noticed a jelly
    95 | D        | Acquired Trog's second power
    95 | D        | Reached skill level 5 in Evocations
    97 | D        | Killed a jelly
    97 | D        | Reached skill level 8 in Evocations
    97 | D        | Reached XP level 2. HP: 24/27 MP: 2/4
    97 | D        | Reached XP level 3. HP: 29/33 MP: 3/7
   114 | D        | Arena points: 12 (+12) [x2]
   114 | D        | Reached skill level 9 in Evocations
   125 | D        | Bought a clouded copper amulet for 45 gold pieces
   125 | D        | Bought a crude granite ring for 45 gold pieces
   125 | D        | Identified the amulet of the Iron Devil {rCorr +Blink rElec} (You bought it in a shop in the Dungeon)
   126 | D        | Identified the ring "Phuwe" {MP+9 Str+3} (You bought it in a shop in the Dungeon)
   157 | D        | Round 2.
   158 | D        | Noticed a necrophage
   164 | D        | Killed a necrophage
   164 | D        | Reached skill level 13 in Evocations
   164 | D        | Reached XP level 4. HP: 33/40 MP: 12/12
   188 | D        | Reached skill level 14 in Evocations
   188 | D        | Reached XP level 5. HP: 40/46 MP: 16/16
   266 | D        | Arena points: 54 (+42) [x3]
   266 | D        | Reached skill level 15 in Evocations
   295 | D        | Bought a shimmering marble ring for 45 gold pieces
   295 | D        | Identified the ring "Pomeckapp" {+Blink rC+ Str+3} (You bought it in a shop in the Dungeon)
   342 | D        | Round 3.
   376 | D        | Reached skill level 5 in Axes
   376 | D        | Reached XP level 6. HP: 38/55 MP: 19/19
   394 | D        | Noticed a wraith
   396 | D        | Killed a wraith
   396 | D        | Arena points: 138 (+84) [x4]
   421 | D        | Round 4.
   423 | D        | Reached skill level 10 in Axes
   462 | D        | Arena points: 298 (+160) [x5]
   478 | D        | Bought a distressingly furry shield for 332 gold pieces
   483 | D        | Identified the +4 shield of Fortification {Int-4 Dex+4 SInv} (You bought it in a shop in the Dungeon)
   501 | D        | Round 5.
   519 | D        | Noticed Aizul
   533 | D        | Noticed a naga
   533 | D        | Killed Aizul
   533 | D        | Arena points: 578 (+280) [x7]
   533 | D        | Reached XP level 7. HP: 25/61 MP: 18/18
   533 | D        | Reached XP level 8. HP: 27/68 MP: 19/19
   534 | D        | Got a serpentine rune of Zot
   538 | D        | Gained mutation: You passively map the area around you. [level up]
   538 | D        | Reached XP level 9. HP: 30/74 MP: 21/21
   562 | D        | Bought a distressingly furry leather armour for 245 gold pieces
   572 | D        | Identified the +1 leather armour of Ghiloec {+Rage rElec Str+2 Dex-2} (You bought it in a shop in the Dungeon)
   706 | D        | Round 6.
   745 | D        | Acquired Trog's third power
   757 | D        | Arena points: 962 (+384) [x8]
   788 | D        | Bought 3 scrolls of identify for 150 gold pieces
   788 | D        | Bought 3 scrolls of identify for 150 gold pieces
   816 | D        | Round 7.
   839 | D        | Reached skill level 5 in Fighting
   860 | D        | Reached skill level 16 in Evocations
   872 | D        | Reached skill level 17 in Evocations
   882 | D        | Arena points: 1529 (+567) [x9]
   902 | D        | Round 8.
   945 | D        | Bought 3 royal jellies for 24 gold pieces
   962 | D        | Noticed a mummy priest
   965 | D        | Killed a mummy priest
   965 | D        | Reached skill level 19 in Evocations
   980 | D        | Reached skill level 20 in Evocations
   980 | D        | Reached XP level 10. HP: 82/91 MP: 19/19
  1048 | D        | Arena points: 2249 (+720) [x10]
  1058 | D        | Bought 15 scrolls of remove curse for 450 gold pieces
  1058 | D        | Bought a scroll of brand weapon for 200 gold pieces
  1099 | D        | Round 9.
  1104 | D        | Noticed a wolf spider
  1106 | D        | Killed a wolf spider
  1106 | D        | Reached skill level 21 in Evocations
  1130 | D        | Noticed a wolf spider
  1134 | D        | Killed a wolf spider
  1134 | D        | Reached skill level 22 in Evocations
  1139 | D        | Noticed an orb spider
  1139 | D        | Killed an orb spider
  1144 | D        | Noticed an orb spider
  1146 | D        | Killed an orb spider
  1146 | D        | Reached skill level 23 in Evocations
  1171 | D        | Noticed a hornet
  1173 | D        | Killed a hornet
  1173 | D        | Received a gift from Trog
  1175 | D        | Arena points: 3140 (+891) [x11]
  1175 | D        | Reached skill level 24 in Evocations
  1198 | D        | Bought a pair of heavily runed gloves for 332 gold pieces
  1203 | D        | Identified the -5 pair of gloves of the Failed Coup {rPois+ MR+} (You bought it in a shop in the Dungeon)
  1233 | D        | Bought 4 potions of curing for 84 gold pieces
  1233 | D        | Bought 3 potions of heal wounds for 105 gold pieces
  1238 | D        | Round 10.
  1250 | D        | Noticed Ilsuiw
  1260 | D        | Noticed a merfolk aquamancer
  1273 | D        | Killed Ilsuiw
  1273 | D        | Arena points: 4310 (+1170) [x13]
  1273 | D        | Reached skill level 26 in Evocations
  1273 | D        | Reached XP level 11. HP: 53/97 MP: 21/21
  1274 | D        | Got a barnacled rune of Zot
  1291 | D        | Bought a pair of faintly glowing boots for 332 gold pieces
  1296 | D        | Identified the +0 pair of boots of Dishonesty {rPois+ MP+9 Dex+2} (You bought it in a shop in the Dungeon)
  1302 | D        | Bought a slimy copper ring for 45 gold pieces
  1302 | D        | Bought a crude lead ring for 45 gold pieces
  1303 | D        | Identified the cursed ring "Vithah" {rPois+ MP+9 Str+2 Int-3} (You bought it in a shop in the Dungeon)
  1304 | D        | Identified the ring "Hywuexya" {rF++ rC++ MR+ Dex+4 Slay+1} (You bought it in a shop in the Dungeon)
  1449 | D        | Round 11.
  1451 | D        | Noticed a seven-headed hydra
  1456 | D        | Killed a seven-headed hydra
  1464 | D        | Noticed a swamp dragon
  1465 | D        | Noticed a six-headed hydra
  1465 | D        | Noticed a six-headed hydra
  1468 | D        | Killed a six-headed hydra
  1468 | D        | Reached skill level 27 in Evocations
  1468 | D        | Reached skill level 10 in Dodging
  1469 | D        | Noticed a swamp dragon
  1472 | D        | Killed a six-headed hydra
  1472 | D        | Received a gift from Trog
  1472 | D        | Killed a swamp dragon
  1478 | D        | Killed a swamp dragon
  1478 | D        | Received a gift from Trog
  1494 | D        | Noticed a swamp dragon
  1497 | D        | Killed a swamp dragon
  1502 | D        | Arena points: 6158 (+1848) [x14]
  1517 | D        | Round 12.
  1526 | D        | Got a crude war axe {god gift}
  1527 | D        | Identified the +1 war axe "Jellybane" {freeze, rPois- Str+2 Stlth+} (Trog gifted it to you in the Dungeon)
  1544 | D        | Noticed a hell hog
  1548 | D        | Killed a hell hog
  1548 | D        | Received a gift from Trog
  1588 | D        | Noticed a fire crab
  1590 | D        | Killed a fire crab
  1640 | D        | Noticed a sun demon
  1652 | D        | Killed a sun demon
  1652 | D        | Received a gift from Trog
  1652 | D        | Reached skill level 5 in Throwing
  1652 | D        | Reached XP level 12. HP: 100/111 MP: 14/14
  1664 | D        | Noticed a sun demon
  1669 | D        | Killed a sun demon
  1669 | D        | Arena points: 7958 (+1800) [x15]
  1703 | D        | Bought a +0 gold dragon armour for 960 gold pieces
  1706 | D        | Round 13.
  1720 | D        | Gained mutation: You are frail (-10% HP). [a neqoxec]
  1800 | D        | Reached skill level 5 in Armour
  1801 | D        | Received a gift from Trog
  1839 | D        | Lost intelligence.
  1839 | D        | Gained mutation: You are dopey. (Int -2) [a neqoxec]
  1855 | D        | Arena points: 8101 (+143) [x1]
  1857 | D        | Quit the game

Action                   |  1- 3 |  4- 6 |  7- 9 | 10-12 || total
-------------------------+-------+-------+-------+-------++-------
Melee: Broad axe         |    16 |    40 |    10 |    23 ||    89
       War axe           |       |       |       |     3 ||     3
Invok: Trog's Hand       |       |     3 |     4 |     5 ||    12
 Abil: Device Recharging |       |     4 |     6 |    11 ||    21
Evoke: Wand              |     2 |    25 |    23 |    75 ||   125
  Use: Potion            |       |     2 |     1 |     1 ||     4
       Scroll            |       |       |     1 |     3 ||     4
  Eat: Royal jelly       |       |       |       |     1 ||     1
       Chunk             |       |       |       |     3 ||     3
